 Dungeon Crawl Stone Soup version 0.25-a0-294-gea9b1ad378 (webtiles) character file.

Game seed: 9135036909039052812, levelgen mode: deterministic

10866 mopl the Geomancer (level 11, -7/74 HPs)
             Began as a Black Draconian Earth Elementalist on Dec 16, 2019.
             Was an Elder of Cheibriados.
             Killed from afar by a hell hound (13 damage)
             ... with a blast of flame
             ... in a Gauntlet.
             The game lasted 00:28:40 (12293 turns).

mopl the Geomancer (DrEE)                          Turns: 12293, Time: 00:28:41

Health: -7/74      AC: 10    Str: 21    XL:     11   Next: 41%
Magic:  14/21      EV: 16    Int: 29    God:    Cheibriados [****..]
Gold:   574        SH:  8    Dex: 25    Spells: 10/23 levels left

rFire    . . .     SeeInvis +   a - +2 dagger (drain)
rCold    . . .     Gourm    .   G - +2 buckler
rNeg     . . .     Faith    .   (armour unavailable)
rPois    .         Spirit   .   C - +1 hat
rElec    +         Reflect  .   f - +0 cloak
rCorr    .         Harm     +   (no gloves)
MR       .....     NoTele   +   y - +0 pair of boots
Stlth    ++++......             P - amulet of harm
HPRegen  0.22/turn              O - ring of Lugonu's Delight {-Tele rElec Dex+4 Slay+2 SInv}
MPRegen  0.17/turn              t - +3 ring of evasion

@: very slow
A: breathe lightning, unfitting armour, electricity resistance, cold-blooded, AC
+7
a: Breathe Lightning, Bend Time, Temporal Distortion, Slouch, Renounce Religion


You were in a Gauntlet.
You worshipped Cheibriados.
Cheibriados was greatly pleased with you.
You were not hungry.

You visited 2 branches of the dungeon, and saw 12 of its levels.
You also visited: Gauntlet.

You collected 574 gold pieces.

Inventory:

Hand Weapons
 a - a +2 dagger of draining (weapon)
 o - a +1 dagger of flaming
Missiles
 b - 385 stones (quivered)
 h - 29 poisoned darts
 k - 8 javelins
 x - 17 boomerangs
 E - a throwing net
Armour
 f - a +0 cloak (worn)
 y - a +0 pair of boots (worn)
 C - a +1 hat (worn)
 G - a +2 buckler (worn)
Jewellery
 l - an uncursed ring of protection from cold
 t - a +3 ring of evasion (right hand)
 z - an uncursed ring of resist corrosion
 F - an uncursed ring of stealth
 O - the ring of Lugonu's Delight (left hand) {-Tele rElec Dex+4 Slay+2 SInv}
   (You found it in a Gauntlet)

   [ring of see invisible]

   It affects your dexterity (+4).
   It affects your accuracy and damage with ranged weapons and melee attacks
   (+2).
   It insulates you from electricity.
   It lets you see invisible.
   It prevents most forms of teleportation.
 P - an amulet of harm (around neck)
Wands
 v - a wand of disintegration (16)
 B - a wand of enslavement (6)
 J - a wand of digging (5)
 L - a wand of flame (28)
 M - a wand of iceblast (9)
Scrolls
 d - a scroll of blinking
 e - 5 scrolls of teleportation
 m - 2 scrolls of fog
 p - 5 scrolls of enchant weapon
 q - 3 scrolls of remove curse
 s - 2 scrolls of random uselessness {unknown}
 u - a scroll of silence {unknown}
 w - 4 scrolls of amnesia {unknown}
 H - 3 scrolls of noise {unknown}
 N - a scroll of enchant armour {unknown}
Potions
 g - a potion of heal wounds
 i - 4 potions of mutation {!q}
 j - a potion of might
 n - 4 potions of brilliance
 r - 2 potions of cancellation
 A - a potion of resistance
 I - a potion of ambrosia
 K - 2 potions of magic
 Q - a potion of haste {unknown}
Comestibles
 c - 17 rations
 D - 2 chunks of flesh


   Skills:
 + Level 5.1 Throwing
 - Level 1.7 Dodging
 + Level 7.7 Stealth
 - Level 4.0 Shields
 + Level 6.9 Spellcasting
 - Level 7.0 Transmutations
 * Level 8.2 Earth Magic
 + Level 6.5 Invocations


You had 10 spell levels left.
You knew the following spells:

 Your Spells              Type           Power        Failure   Level  Hunger
a - Sandblast             Erth           ######       1%          1    None
b - Petrify               Tmut/Erth      ######..     2%          4    ##.....
c - Apportation           Tloc           ##....       5%          1    None
k - Lee's Rapid Deconstr  Erth           ######....   4%          5    ####...
p - Passwall              Tmut/Erth      ######..     1%          2    None

Your spell library contained the following spells:

 Spells                   Type           Power        Failure   Level  Hunger
 Stone Arrow              Conj/Erth      ####..       2%          3    None
 Animate Skeleton         Necr           N/A          5%          1    None
 Confusing Touch          Hex            ##....       5%          1    None
 Summon Small Mammal      Summ           ##..         5%          1    None


Dungeon Overview and Level Annotations

Branches:
Dungeon (11/15)            Temple (1/1) D:5             Orc (0/2) D:10
Gauntlet (1/1)
   Lair: D:8-11

Altars:
Ashenzari
Cheibriados
Dithmenos
Elyvilon
Fedhas
Gozag
Hepliaklqana
Kikubaaqudgha
Makhleb
Nemelex Xobeh
Okawaru
Qazlal
Ru
Sif Muna
Trog
Uskayaw
Vehumet
Wu Jian
Xom
Yredelemnul
Zin
The Shining One
Beogh

Shops:
D:11 *

Annotations:
D:6 3 runed translucent doors, Borgoz's ghost, novice KoFi
D:9 bb, Gastronok Gauntlet 13 transporters


Innate Abilities, Weirdness & Mutations

You can breathe wild blasts of lightning.
Your glossy black scales are hard. (AC +7)
You cannot fit into any form of body armour.
You are resistant to electric shocks. (rElec)
You are cold-blooded and may be slowed by cold attacks.


Message History

The hell beast shouts, "Thy spine shall be my snack!"
Casting: Petrify (safe; 2% risk of failure)
Confirm with . or Enter, or press ? or * to list all spells.
Aiming: Petrify (safe; 2% risk of failure)
Press: ? - help, Shift-Dir - straight line, f - hell beast, p - hell hound
Aim: a hell beast (chance to defeat MR: 73%)
The hell beast is moving more slowly.
The hell beast bites you! The hell beast barely misses you.
The hell beast bites you. You block the hell beast's attack.
You block the hell beast's attack. The hell beast tramples you!
You stumble backwards!
The hell beast closely misses you. You block the hell beast's attack.
The hell beast bites you!!
* * * LOW HITPOINT WARNING * * *
You block the hell beast's attack. You block the hell beast's attack.
The hell beast tramples you!
* * * LOW HITPOINT WARNING * * *
You hold your ground!
The hell hound breathes flames at you. The blast of flame hits you!
You die...

#.#..............####
#.#############....≈###
.©...........©#.....#8#
###################.###
....°R#.#.........#.#
..#^#E#.#.#.#.#.#.#.###
###...#.#..#.#.#..#.#8#
#...#.#.#.#.#.#2#.#.###
☼©#^#.#.#..#.©.#@.#.#
###h.^#.#.#.#.#h#.#.###
#...#.#.#..#.#.#..#.#8#
..###.#.#.#.#.#.#.#.###
[©.=.R#.#..?.©[[..#.#
#######.###########.###
....................#8#
...................≈###
#####################


You could see a hell beast (petrifying) and a hell hound (petrifying).

Vanquished Creatures
  An unseen horror (D:11)
  Pikel (D:9)
  A cyclops (D:11)
  2 kobold demonologists (D:11)
  2 trolls
  A hornet (D:7)
  A hippogriff (D:8)
  3 shadows (Gauntlet)
  Sigmund (D:3)
  A spriggan (D:8)
  A wraith (D:10)
  5 yaks
  A wyvern (D:10)
  Eustachio (D:6)
  2 hungry ghosts
  4 wargs (D:10)
  2 swamp worms (Gauntlet)
  12 orc warriors
  A sky beast (D:7)
  4 ice beasts
  2 slaves
  8 ogres
  A necrophage (D:10)
  3 centaurs
  A big kobold (D:11)
  6 bullfrogs
  A water moccasin skeleton (D:6)
  3 scorpions
  An electric eel (D:10)
  4 crimson imps
  A quasit (D:9)
  5 hounds
  3 bullfrog skeletons
  5 jellies
  8 orc wizards
  8 orc priests
  2 centaur skeletons
  Crazy Yiuf (D:7)
  Natasha (thrice) (D:3)
  13 worker ants
  A hound zombie (D:5)
  A howler monkey zombie (D:10)
  A worker ant zombie (D:6)
  Robin (D:4)
  12 adders
  3 gnolls (D:3)
  2 shadow imps
  2 oozes (D:2)
  3 worms
  2 dart slugs (D:1)
  A leopard gecko (D:6)
  63 orcs
  A ball python (D:3)
  12 giant cockroaches
  13 goblins
  15 hobgoblins
  7 iguanas
  5 jackals
  5 quokkas
  7 bats
  4 frilled lizards
  A jackal skeleton (D:5)
  12 kobolds
  A leopard gecko zombie (D:5)
  7 rats
308 creatures vanquished.

Vanquished Creatures (others)
  2 slaves (D:9)
  A bullfrog zombie (D:9)
  A hound (D:9)
4 creatures vanquished.

Grand Total: 312 creatures vanquished

Notes
Turn   | Place    | Note
-------+----------+-------------------------------------------
     0 | D:1      | mopl the Draconian Earth Elementalist began the quest for
                  | the Orb.
     0 | D:1      | Reached XP level 1. HP: 14/14 MP: 3/3
   343 | D:1      | Reached XP level 2. HP: 19/20 MP: 5/5
   347 | D:1      | Learned a level 2 spell: Passwall
   798 | D:1      | Reached XP level 3. HP: 25/26 MP: 6/6
  1215 | D:2      | Found a shimmering altar of Xom.
  1230 | D:2      | Reached skill level 2 in Stealth
  1646 | D:2      | Reached XP level 4. HP: 32/33 MP: 8/8
  1653 | D:2      | Learned a level 4 spell: Petrify
  1743 | D:2      | Reached skill level 2 in Transmutations
  1747 | D:2      | Reached skill level 3 in Spellcasting
  1754 | D:2      | Reached skill level 4 in Earth Magic
  1805 | D:2      | Reached XP level 5. HP: 36/38 MP: 9/9
  2018 | D:3      | Found a shimmering blue altar of Sif Muna.
  2258 | D:3      | Noticed Natasha
  2316 | D:3      | Killed Natasha
  2497 | D:3      | Noticed Natasha
  2508 | D:3      | Killed Natasha
  2647 | D:3      | Reached skill level 3 in Stealth
  2715 | D:3      | Found a shadowy altar of Dithmenos.
  2735 | D:3      | Reached XP level 6. HP: 33/45 MP: 11/11
  2775 | D:3      | Noticed Sigmund
  2818 | D:3      | Learned a level 5 spell: Lee's Rapid Deconstruction
  2825 | D:3      | Killed Sigmund
  2825 | D:3      | Reached skill level 3 in Transmutations
  2845 | D:3      | Noticed Natasha
  2870 | D:3      | Killed Natasha
  3056 | D:4      | Noticed Robin
  3068 | D:4      | Killed Robin
  3263 | D:4      | Reached skill level 4 in Spellcasting
  3263 | D:4      | Reached skill level 5 in Earth Magic
  3263 | D:4      | Your scales start taking on a glossy black colour.
  3263 | D:4      | Reduced skill Earth Magic to level 4
  3263 | D:4      | Reached XP level 7. HP: 50/50 MP: 8/13
  3263 | D:4      | Gained mutation: You are resistant to electric shocks.
                  | (rElec) [Black Draconian growth]
  3584 | D:4      | Reached skill level 4 in Stealth
  3584 | D:4      | Reached skill level 4 in Transmutations
  4416 | D:4      | Found a shattered altar of Ashenzari.
  4503 | D:5      | Entered Level 5 of the Dungeon
  4545 | D:5      | Reached XP level 8. HP: 31/57 MP: 1/15
  4648 | D:5      | Found a stormy altar of Qazlal.
  4663 | D:5      | Found an iron altar of Okawaru.
  4669 | D:5      | Found a glowing golden altar of the Shining One.
  4941 | D:5      | Found a hide-covered altar of Uskayaw.
  4944 | D:5      | Found a staircase to the Ecumenical Temple.
  4986 | Temple   | Entered the Ecumenical Temple
  5032 | Temple   | Became a worshipper of Cheibriados the Contemplative
  5233 | D:5      | Found a sacrificial altar of Ru.
  5615 | D:5      | Reached skill level 1 in Shields
  5615 | D:5      | Reached skill level 5 in Spellcasting
  5615 | D:5      | Reached skill level 1 in Invocations
  5807 | D:6      | Noticed Borgoz's ghost (novice KoFi)
  5808 | D:6      | Found a runed translucent gate.
  5809 | D:6      | Found a runed translucent gate.
  5809 | D:6      | Found a runed translucent gate.
  5826 | D:6      | Reached skill level 5 in Stealth
  5844 | D:6      | Found a glowing silver altar of Zin.
  5956 | D:6      | Reached skill level 5 in Transmutations
  5956 | D:6      | Reached skill level 5 in Earth Magic
  6035 | D:6      | Noticed Eustachio
  6047 | D:6      | Killed Eustachio
  6047 | D:6      | Reached skill level 2 in Invocations
  6204 | D:6      | Reached * piety under Cheibriados
  6233 | D:6      | Found an ancient bone altar of Kikubaaqudgha.
  6383 | D:6      | Reached skill level 1 in Throwing
  6383 | D:6      | Reached skill level 2 in Shields
  6702 | D:7      | Noticed a hornet
  6711 | D:7      | Killed a hornet
  6711 | D:7      | Reached XP level 9. HP: 33/62 MP: 9/17
  7155 | D:7      | Reached skill level 3 in Invocations
  7281 | D:7      | Reached skill level 2 in Throwing
  7296 | D:7      | Found an opulent altar of Gozag.
  7317 | D:7      | Reached skill level 3 in Shields
  7679 | D:7      | Found a runed translucent door.
  7680 | D:7      | Noticed Crazy Yiuf
  7690 | D:7      | Killed Crazy Yiuf
  7756 | D:8      | Reached skill level 6 in Stealth
  7807 | D:8      | Reached skill level 6 in Transmutations
  7812 | D:8      | Reached ** piety under Cheibriados
  8067 | D:8      | Reached skill level 6 in Spellcasting
  8093 | D:8      | Reached skill level 6 in Earth Magic
  8093 | D:8      | Reached skill level 4 in Invocations
  8252 | D:8      | Found a bloodstained altar of Trog.
  8406 | D:8      | Noticed a troll
  8532 | D:8      | Reached skill level 3 in Throwing
  8552 | D:8      | Reached XP level 10. HP: 69/69 MP: 17/19
  8683 | D:8      | Found a shimmering altar of Xom.
  8684 | D:8      | Found a hazy altar of Hepliaklqana.
  8805 | D:8      | Reached skill level 4 in Shields
  8964 | D:9      | Noticed Pikel
  9034 | D:9      | Noticed Gastronok
  9334 | D:9      | Killed Pikel
  9500 | D:10     | Entered Level 10 of the Dungeon
  9593 | D:10     | Reached *** piety under Cheibriados
  9604 | D:10     | Found a radiant altar of Vehumet.
  9658 | D:10     | Got an ancient war axe
  9659 | D:10     | Identified the +4 war axe "Kugischi" {speed, Int+2} (You
                  | found it on level 10 of the Dungeon)
  9676 | D:10     | Found a roughly hewn altar of Beogh.
  9676 | D:10     | Found a staircase to the Orcish Mines.
  9701 | D:10     | Reached skill level 5 in Invocations
 10039 | D:10     | Reached skill level 7 in Earth Magic
 10049 | D:10     | Reached skill level 4 in Throwing
 10074 | D:10     | Reached skill level 7 in Stealth
 10273 | D:10     | Reached skill level 7 in Transmutations
 10795 | D:10     | Reached XP level 11. HP: 74/74 MP: 11/20
 10866 | D:10     | Reached **** piety under Cheibriados
 11629 | D:11     | Noticed an unseen horror
 11633 | D:11     | Killed an unseen horror
 11633 | D:11     | Reached skill level 6 in Invocations
 11691 | D:11     | Found Osigo Gyme's Serpentskin Sales.
 11745 | D:11     | Reached skill level 8 in Earth Magic
 11751 | D:11     | Learned a level 1 spell: Apportation
 11770 | D:11     | Noticed a soul eater
 11827 | D:11     | Reached skill level 5 in Throwing
 11836 | D:11     | Found a gate leading to a gauntlet.
 11844 | Gauntlet | Entered a Gauntlet
 11844 | Gauntlet | Found a transporter.
 11853 | Gauntlet | Found a transporter.
 11868 | Gauntlet | Found a transporter.
 11908 | Gauntlet | Noticed a soul eater
 11909 | Gauntlet | Found a transporter.
 11924 | Gauntlet | Found a transporter.
 11931 | Gauntlet | Found a transporter.
 11948 | Gauntlet | Found a transporter.
 11955 | Gauntlet | Noticed a ghost crab
 11965 | Gauntlet | Found a transporter.
 11965 | Gauntlet | Noticed a wretched star
 11977 | Gauntlet | Found a transporter.
 11981 | Gauntlet | Noticed a thrashing horror
 11989 | Gauntlet | Found a transporter.
 11992 | Gauntlet | Noticed a seven-headed hydra
 12001 | Gauntlet | Found a transporter.
 12013 | Gauntlet | Found a transporter.
 12013 | Gauntlet | Noticed a hell beast
 12030 | Gauntlet | Found a transporter.
 12076 | Gauntlet | Found a transporter.
 12078 | Gauntlet | Found a transporter.
 12100 | Gauntlet | Found a transporter.
 12104 | Gauntlet | Found a transporter.
 12131 | Gauntlet | Got a scorched turquoise ring
 12133 | Gauntlet | Identified the ring of Lugonu's Delight {-Tele rElec Dex+4
                  | Slay+2 SInv} (You found it in a Gauntlet)
 12209 | Gauntlet | Found a transporter.
 12293 | Gauntlet | Killed from afar by a hell hound

Levels and vault maps discovered:
D:1:      minmay_arrival_four_loops, layout_basic, chequers_mini_garden
D:2:      layout_loops_ring, chequers_decorated_corner,
          minmay_misc_feat_nine_boxes, dk_xom_monty_hall
D:3:      layout_loops_ring, lemuel_round_altar,
          grunt_dithmenos_smoke_and_mirrors, st_stairs_6, uniq_sigmund,
          uniq_natasha
D:4:      layout_loops_ring, cheibrodos_ashenzari_chains, minmay_cut_off,
          uniq_robin
D:5:      layout_loops_cross, kennysheep_mini, nicolae_ru_the_path_less_chosen,
          grunt_temple_overflow_open, lemuel_doored_altar,
          minmay_temple_entry_mist, first_ration, minmay_holes,
          minmay_fountain_box, minivault_27, minmay_puff
D:6:      layout_basic, old_standard_altar, overflow_temple_1_default,
          gammafunk_ghost_split, uniq_eustachio
D:7:      layout_rooms, grunt_gozag_statues, uniq_crazy_yiuf_cottage
D:8:      kennysheep_blocky_room, layout_loops_ring,
          regret_index_temple_of_mockery, the_bakery, trog_hazing_becter
D:9:      layout_basic, uniq_gastronok, uniq_pikel
D:10:     layout_basic, david_orc_5, basic_altar, nooodl_orcs_dogs
D:11:     layout_stronghold, lair_entry_dummy, serial_shops, shop,
          gauntlet_entry_generic, guppyfry_shop_venom
Temple:   dpeg_three_leaves_temple
Gauntlet: gammafunk_gauntlet_one_two_three [gammafunk_gauntlet_arena_spirals,
          nicolae_gauntlet_arena_t_cross, nicolae_gauntlet_arena_flowing_pool,
          gammafunk_gauntlet_arena_grid, nicolae_gauntlet_arena_grate_2,
          gammafunk_gauntlet_arena_open, gammafunk_gauntlet_arena_teeth,
          nicolae_gauntlet_arena_blocks, nicolae_gauntlet_swirl,
          gauntlet_exit_green]

Skill      XL: |  1  2  3  4  5  6  7  8  9 10 11 |
---------------+----------------------------------+-----
Stealth        | 2 3 4 5 6 7 |  7.7
Transmutations | 2 3 4 5 6 7 |  7.0
Spellcasting   | 3 4 5 6 |  6.9
Earth Magic    | 4 4 5 6 7 8 |  8.2
Shields        | 2 3 4 |  4.0
Invocations    | 2 4 5 6 |  6.5
Throwing       | 1 3 4 5 |  5.1
Dodging        | |  1.7

Action                   |  1- 3 |  4- 6 |  7- 9 | 10-12 || total
-------------------------+-------+-------+-------+-------++-------
Melee: Unarmed           |    13 |       |       |       ||    13
       Dagger            |   101 |   130 |   453 |   320 ||  1004
       Tailslap          |     8 |    10 |    66 |    69 ||   153
 Cast: Sandblast         |     8 |    21 |    61 |    34 ||   124
       Petrify           |       |     1 |    19 |    46 ||    66
       Passwall          |       |     1 |     7 |     4 ||    12
       Lee's Rapid Decon |       |       |     6 |    18 ||    24
       Apportation       |       |       |       |     1 ||     1
Invok: Temporal Distorti |       |       |       |     1 ||     1
 Abil: Breathe Lightning |       |       |     4 |     2 ||     6
Evoke: Wand              |       |       |       |     1 ||     1
  Use: Scroll            |     5 |       |     8 |     2 ||    15
       Potion            |       |       |     1 |       ||     1
 Stab: Sleeping          |     4 |     6 |    15 |     8 ||    33
       Petrified         |       |     4 |    37 |    67 ||   108
       Petrifying        |       |       |     1 |     7 ||     8
  Eat: Chunk             |     2 |     6 |    20 |    12 ||    40
       Ration            |       |       |       |     1 ||     1
Armor: Skin              |    35 |    40 |   120 |    74 ||   269
Dodge: Dodged            |    68 |    90 |   325 |   229 ||   712
Block: Buckler           |       |       |   130 |   118 ||   248

Table legend:
 A = Non-vault XP
 B = Vault XP
 C = Vault XP percentage of total XP
 D = Non-vault monster count
 E = Vault monster count
 F = Vault count percentage of total count
                 A         B        C        D         E       F
            +---------+---------+-------+---------+---------+-------
      Total |   10326 |    5198 |  33.5 |     228 |      78 |  25.5
            +---------+---------+-------+---------+---------+-------
        D:1 |      50 |       0 |   0.0 |      29 |       0 |   0.0
        D:2 |      61 |      86 |  58.5 |      16 |       3 |  15.8
        D:3 |     200 |     254 |  55.9 |      26 |       4 |  13.3
        D:4 |     596 |      33 |   5.2 |      28 |       9 |  24.3
        D:5 |     420 |     119 |  22.1 |      11 |       5 |  31.2
        D:6 |     559 |     181 |  24.5 |      18 |       1 |   5.3
        D:7 |    1508 |      39 |   2.5 |      28 |       1 |   3.4
        D:8 |    1448 |     960 |  39.9 |      23 |      15 |  39.5
        D:9 |     533 |     673 |  55.8 |      12 |       1 |   7.7
       D:10 |    2537 |    1854 |  42.2 |      29 |      32 |  52.5
       D:11 |    2414 |      26 |   1.1 |       8 |       2 |  20.0
   Gauntlet |       0 |     973 | 100.0 |       0 |       5 | 100.0
            +---------+---------+-------+---------+---------+-------
